 Dungeon Crawl Stone Soup version 0.30-a0-652-gcc886f7154 (webtiles) character file.

Game seed: 11990091526889498067

208 testman the Stinger (level 5, 0/30 (35) HPs)
             Began as a Demonspawn Venom Mage on Jan 17, 2023.
             Was an Initiate of Gozag.
             Slain by a necrophage (2 damage)
             ... on level 4 of the Dungeon.
             The game lasted 00:12:07 (3300 turns).

testman the Stinger (Demonspawn Venom Mage)         Turns: 3300, Time: 00:12:08

HP:   0/30 (35)     AC:  3    Str:  8    XL:     5   Next: 55%
MP:   2/9           EV: 12    Int: 19    God:    Gozag
Gold: 106           SH:  4    Dex: 13    Spells: 0/10 levels left

rFire   . . .      SeeInvis .    d - +0 dagger
rCold   + . .      Faith    .    (no shield)
rNeg    . . .      Spirit   .    j - +0 robe {rC+}
rPois   .          Reflect  .    f - +0 helmet
rElec   .          Harm     .    (no cloak)
rCorr   .          Rampage  .    (no gloves)
Will    .....                    (no boots)
Stlth   ++                       (no amulet)
HPRegen 0.25/turn                c - ring of flight
MPRegen 0.11/turn                (no ring)

@: flying, heavily drained
A: condensation shield, weakness stinger 1
a: Renounce Religion, Potion Petition, Call Merchant, Bribe Branch


You were on level 4 of the Dungeon.
You worshipped Gozag.
Gozag was aware of your devotion.
You visited 1 branch of the dungeon, and saw 4 of its levels.

You collected 262 gold pieces.
You spent 156 gold pieces at shops.

Inventory:

Hand Weapons
 d - a +0 dagger (weapon)
Missiles
 i - 7 poisoned darts
Armour
 f - a +0 helmet (worn)
 j - a +0 robe of cold resistance (worn)
Jewellery
 c - a ring of flight (left hand)
Scrolls
 g - 2 scrolls of magic mapping
 k - 2 scrolls of vulnerability {unknown}
 l - a scroll of noise {unknown}
 m - a scroll of fear {unknown}
 n - a scroll of enchant armour {unknown}
 o - a scroll of immolation {unknown}
 p - 4 scrolls of teleportation {unknown}
 s - a scroll of enchant weapon {unknown}
Potions
 b - a potion of magic
 e - 4 potions of might
 h - a potion of cancellation {unknown}
 q - a potion of flight {unknown}
 r - a potion of curing {unknown}
 u - a potion of heal wounds


   Skills:
 - Level 1.7 Dodging
 - Level 1.7 Stealth
 + Level 3.3 Spellcasting
 + Level 1.9 Conjurations
 - Level 1.6 Transmutations
 + Level 1.8 Air Magic
 + Level 4.1 Poison Magic


You couldn't memorise any spells.
You knew the following spells:

 Your Spells              Type           Power      Damage    Failure   Level
a - Sting                 Tmut/Pois      56%        1d5       4%          1
b - Poisonous Vapours     Pois/Air       28%        N/A       6%          2
c - Mephitic Cloud        Conj/Pois/Air  13%        N/A       16%         3
d - Olgreb's Toxic Radia  Pois           18%        N/A       26%         4

Your spell library contained the following spells:

 Spells                   Type           Power      Damage    Failure   Level
 Foxfire                  Conj/Fire      24%        2x1d5     10%         1
 Apportation              Tloc           6%         N/A       16%         1
 Necrotise                Necr           12%        1d4       16%         1
 Summon Small Mammal      Summ           12%        N/A       16%         1
 Fireball                 Conj/Fire      3%         3d4       95%         5
 Starburst                Conj/Fire      3%         6d3       100%        6


Dungeon Overview and Level Annotations

Branches:
Dungeon (4/15)
 Temple: D:4-7

Altars:
Gozag

Shops:
D:3 ?(!


Innate Abilities, Weirdness & Mutations

A meltable shield of frost defends you. (SH +4)
You have a small tail.


Message History

The necrophage is moderately damaged.
The necrophage hits you but does no damage.
You hit the necrophage but do no damage.
The necrophage is moderately damaged.
The necrophage hits you.
* * * LOW HITPOINT WARNING * * *
You feel drained.
* * * LOW HITPOINT WARNING * * *
You hit the necrophage but do no damage.
The necrophage is moderately damaged.
The necrophage closely misses you.
You closely miss the necrophage.
The necrophage is moderately damaged.
The necrophage misses you.
You hit the necrophage but do no damage.
The necrophage is moderately damaged.
The necrophage closely misses you.
You hit the necrophage.
The necrophage is moderately damaged.
The necrophage hits you but does no damage.
You hit the necrophage but do no damage.
You tail-slap the necrophage.
The necrophage is moderately damaged.
The necrophage hits you.
* * * LOW HITPOINT WARNING * * *
You feel drained.
You hit the necrophage.
The necrophage is heavily damaged.
The necrophage closely misses you.
You barely miss the necrophage.
The necrophage is heavily damaged.
The necrophage hits you.
* * * LOW HITPOINT WARNING * * *
You feel drained.
* * * LOW HITPOINT WARNING * * *
You hit the necrophage.
The necrophage is heavily damaged.
The necrophage hits you.
You die...
Your body crumbles into a pile of gold.

###n# #.# #.# #.# (
###########n#####.. ##.
...##.................#
#.[.........#..####.#######
###.#. ##.#...n####.# #....
##..@..##.# #.#.#
#.###..#.##.#
#...#######......#.##.#
##.......######..)....#
............#...[...###
##.##.......#.####..#
##.##.......#.##....#
#..##.......#.##.##.#
#.###.......#.##.##.######


You could see a necrophage.

Vanquished Creatures
  An orc priest (D:4)
  An orc wizard (D:4)
  5 adders
  3 worms
  4 dart slugs
  6 orcs (D:4)
  3 endoplasms
  7 giant cockroaches
  4 goblins
  10 hobgoblins
  2 jackals (D:3)
  11 kobolds
  2 quokkas
  8 ball pythons
  7 bats
  6 frilled lizards
  7 rats
87 creatures vanquished.

Vanquished Creatures (collateral kills)
  A quokka (D:2)
1 creature vanquished.

Grand Total: 88 creatures vanquished

Notes
Turn   | Place    | Note
-------+----------+-------------------------------------------
     0 | D:1      | testman the Demonspawn Venom Mage began the quest for the
                  | Orb.
     0 | D:1      | Reached XP level 1. HP: 13/13 MP: 3/3
    14 | D:1      | Reached skill level 1 in Transmutations
   121 | D:1      | Gained mutation: A meltable shield of frost defends you.
                  | (SH +4) [demonic ancestry]
   121 | D:1      | Reached XP level 2. HP: 18/19 MP: 3/5
   769 | D:1      | Learned a level 2 spell: Poisonous Vapours
   978 | D:2      | Reached XP level 3. HP: 24/24 MP: 6/6
   982 | D:2      | Learned a level 3 spell: Mephitic Cloud
  1012 | D:2      | HP: 1/24 [worm (9)]
  1894 | D:2      | Reached XP level 4. HP: 30/30 MP: 8/8
  2019 | D:2      | Reached skill level 1 in Air Magic
  2029 | D:2      | Reached skill level 1 in Conjurations
  2647 | D:3      | Found a faded altar of an unknown god.
  2657 | D:3      | Prayed at the altar of an unknown god.
  2657 | D:3      | Became a worshipper of Gozag Ym Sagoz the Greedy
  2688 | D:3      | Found Qugorasch's Distillery.
  2695 | D:3      | Bought a potion of degeneration for 13 gold pieces
  2695 | D:3      | Bought a potion of heal wounds for 65 gold pieces
  2695 | D:3      | Bought a potion of might for 52 gold pieces
  2875 | D:3      | Found Akhlol's Magic Scroll Emporium.
  2883 | D:3      | Bought a scroll of identify for 26 gold pieces
  2895 | D:3      | Found Haetziob's Antique Weapon Emporium.
  3057 | D:4      | Gained mutation: You have a small tail. [demonic ancestry]
  3057 | D:4      | Reached XP level 5. HP: 32/35 MP: 5/9
  3066 | D:4      | Reached skill level 4 in Poison Magic
  3190 | D:4      | Learned a level 4 spell: Olgreb's Toxic Radiance
  3300 | D:4      | Slain by a necrophage

Illustrated notes

Levels and vault maps discovered:
D:1:      roderic_octagonal_star, layout_loops_ring, minmay_pentomino_o4
D:2:      layout_basic
D:3:      layout_rooms, serial_shops, nicolae_shop_hallway_plus, shop,
          nicolae_shop_stone, basic_ecumenical_altar
D:4:      layout_loops_cross, minmay_temple_entry_fiery,
          gammafunk_ghost_nasty_kobolds

Skill      XL: |  1  2  3  4  5 |
---------------+----------------+-----
Transmutations | 1 |  1.6
Air Magic      | 1 |  1.8
Conjurations   | 1 |  1.9
Spellcasting   | 3 |  3.3
Poison Magic   | 4 |  4.1
Dodging        | |  1.7
Stealth        | |  1.7

Action                   |  1- 3 |  4- 6 || total
-------------------------+-------+-------++-------
Melee: Dagger            |   102 |   106 ||   208
       Punch             |     3 |       ||     3
       Unarmed           |     1 |       ||     1
       Tailslap          |       |     5 ||     5
 Cast: Sting             |    42 |    50 ||    92
       Poisonous Vapours |     1 |     3 ||     4
       Mephitic Cloud    |       |     2 ||     2
  Use: Scroll            |       |     1 ||     1
 Stab: Sleeping          |     5 |     1 ||     6
       Distracted        |     1 |       ||     1
Armor: Robe              |    23 |    29 ||    52
Dodge: Dodged            |    50 |    49 ||    99
Block: Other             |    12 |    18 ||    30

Table legend: (Time is in decaauts)
 A = Elapsed time spent in this place.
 B = Non-inter-level travel time spent in this place.
 C = Inter-level travel time spent in this place.
 D = Time resting spent in this place.
 E = Time spent auto-exploring this place.
 F = Levels seen in this place.
 G = Mean time per level.
                   A        B        C        D        E       F      G
               +--------+--------+--------+--------+--------+-----+--------+
         Total |   3298 |   3148 |    150 |    166 |   2346 |   4 |  824.5 |
       Dungeon |   3298 |   3148 |    150 |    166 |   2346 |   4 |  824.5 |
               +--------+--------+--------+--------+--------+-----+--------+

Top non-repeatable levels by time:
     D:2: 1407 daAuts
     D:1: 956 daAuts
     D:3: 648 daAuts
     D:4: 285 daAuts
